 Dungeon Crawl Stone Soup version 0.19.0-19-g8c6edcc (webtiles) character file.

361 CountDeLaPain the Shield-Bearer (level 6, -1/42 HPs)
             Began as a Halfling Fighter on Nov 15, 2016.
             Slain by a slave (6 damage)
             ... led by Pikel
             ... on level 5 of the Dungeon.
             The game lasted 00:09:10 (3437 turns).

CountDeLaPain the Shield-Bearer (Halfling Fighter)  Turns: 3437, Time: 00:09:11

Health: -1/42      AC: 11    Str: 17    XL:     6   Next: 98%
Magic:  6/6        EV:  7    Int:  8    God:
Gold:   161        SH: 12    Dex: 14    Spells: 0 memorised, 5 levels left

rFire  . . .     SeeInvis .     a - +0 long sword
rCold  . . .     Gourm    .     n - +0 chain mail
rNeg   . . .     Faith    .     e - +2 shield
rPois  .         Spirit   .     h - +0 helmet
rElec  .         Reflect  .     (no cloak)
rCorr  .         Harm     .     D - +0 pair of gloves
MR     .....                    (no boots)
Stlth  ..........               (no amulet)
                                (no ring)
                                (no ring)

@: no status effects
A: mutation resistance 1
a: no special abilities


You were on level 5 of the Dungeon.
You were hungry.

You visited 1 branch of the dungeon, and saw 5 of its levels.

You collected 161 gold pieces.

Inventory:

Hand Weapons
 a - a +0 long sword (weapon)
Armour
 b - a +0 scale mail
 c - a +0 shield
 e - a +2 shield (worn)
 h - a +0 helmet (worn)
 n - a +0 chain mail (worn)
 D - a +0 pair of gloves (worn)
Jewellery
 p - an uncursed ring of see invisible {unknown}
 r - a cursed -2 ring of strength {unknown}
 z - an uncursed ring of resist corrosion {unknown}
Wands
 x - a wand of iceblast (10/15)
 F - a wand of iceblast (10/15)
Scrolls
 g - a scroll of enchant weapon {unknown}
 i - a scroll of noise
 j - a scroll of random uselessness {unknown}
 k - 2 scrolls of remove curse
 o - 3 scrolls of enchant armour {unknown}
 w - a scroll of magic mapping
 y - a scroll of fear {unknown}
Potions
 l - 2 potions of curing
 m - a potion of brilliance {unknown}
 q - a potion of heal wounds {unknown}
 s - a potion of resistance {unknown}
 t - a potion of haste {unknown}
 u - a potion of lignification {unknown}
 v - a potion of cancellation {unknown}
 A - 3 potions of mutation {unknown}
Comestibles
 d - a beef jerky
 f - 3 bread rations
 C - a royal jelly
 G - a meat ration


   Skills:
 + Level 3.3 Fighting
 + Level 4.4 Long Blades
 + Level 4.2 Armour
 + Level 1.5 Dodging
 + Level 5.0 Shields


You had 5 spell levels left.
You didn't know any spells.

Dungeon Overview and Level Annotations

Branches:
Dungeon (5/15)
 Temple: D:4-7

Altars:
Ashenzari
Gozag
Kikubaaqudgha
Vehumet
The Shining One

Annotations:
D:4 Daunt's ghost, amateur DrGl
D:5 Pikel


Innate Abilities, Weirdness & Mutations

You are small and have problems with some larger weapons.
You are somewhat resistant to further mutation.


Message History

The slave hits you but does no damage. The slave hits you!
* * * LOW HITPOINT WARNING * * *
You block the slave's attack. The slave hits you but does no damage.
You block Pikel's attack.
You closely miss Pikel.
Pikel is heavily wounded.
You block the slave's attack. x2; The slave hits you.
* * * LOW HITPOINT WARNING * * *
The slave hits you but does no damage. You block Pikel's attack.
Unknown command.
It was a potion of curing.
You feel better. The slave hits you.
* * * LOW HITPOINT WARNING * * *
The slave closely misses you. You block the slave's attack.
The slave barely misses you. You block Pikel's attack.
You closely miss Pikel.
Pikel is moderately wounded.
You block the slave's attack. x2; The slave hits you.
* * * LOW HITPOINT WARNING * * *
The slave barely misses you. You block Pikel's attack. The slave hits you.
You die...

#..##....... #...#..#....
#......#....
#########...........
#.#######.............###...
#.......#...................
..#########'#.....>).........###
..............pp......).....#
######.([.......@K...####..####
................pp...# #..#
##.....###...........####..#
#.....###........####...#.#
#.....#..........# #...#..#
#.#'###.#........# #...#..###
#.#...#.#........# #.........
#.###.#.###########.........#.
#.# #...# #)........#


You could see Pikel and 4 slaves.

Vanquished Creatures
  Menkaure (D:5)
  A crimson imp (D:3)
  A hound (D:5)
  An orc wizard (D:4)
  Robin (D:3)
  A gnoll (D:1)
  3 adders
  A shadow imp (D:5)
  An ooze (D:2)
  4 worms
  2 dart slugs (D:1)
  2 leopard geckos (D:3)
  5 orcs
  A ball python (D:3)
  7 bats
  2 giant cockroaches
  15 goblins
  2 hobgoblins
  2 jackals (D:3)
  A frilled lizard (D:3)
  8 kobolds
  9 rats
71 creatures vanquished.

Notes
Turn   | Place    | Note
-------+----------+-------------------------------------------
     0 | D:1      | CountDeLaPain the Halfling Fighter began the quest for the Orb.
     0 | D:1      | Reached XP level 1. HP: 15/15 MP: 1/1
   189 | D:1      | Reached XP level 2. HP: 20/20 MP: 2/2
   368 | D:1      | HP: 1/20 [worm (3)]
   385 | D:1      | Reached XP level 3. HP: 3/25 MP: 3/3
  1225 | D:2      | Reached skill level 1 in Dodging
  1225 | D:2      | Reached XP level 4. HP: 28/30 MP: 4/4
  1697 | D:3      | Found an ancient bone altar of Kikubaaqudgha.
  1936 | D:3      | Found a shattered altar of Ashenzari.
  1937 | D:3      | Noticed Robin
  2009 | D:3      | Killed Robin
  2030 | D:3      | Reached XP level 5. HP: 14/36 MP: 5/5
  2272 | D:3      | Reached skill level 4 in Shields
  2326 | D:3      | Found a radiant altar of Vehumet.
  2763 | D:4      | Noticed Daunt's ghost (amateur DrGl)
  2798 | D:4      | Reached XP level 6. HP: 18/42 MP: 6/6
  2807 | D:5      | Entered Level 5 of the Dungeon
  3007 | D:5      | Found an opulent altar of Gozag.
  3007 | D:5      | Found a glowing golden altar of the Shining One.
  3024 | D:5      | Noticed Menkaure
  3034 | D:5      | Killed Menkaure
  3037 | D:5      | Reached skill level 5 in Shields
  3418 | D:5      | Noticed a slave
  3419 | D:5      | Noticed Pikel
  3422 | D:5      | Noticed a slave
  3422 | D:5      | Noticed a slave
  3422 | D:5      | Noticed a slave
  3437 | D:5      | Slain by a slave

Skill      XL: |  1  2  3  4  5  6 |
---------------+-------------------+-----
Dodging        | 1 |  1.5
Fighting       | 3 |  3.3
Long Blades    | 3 4 |  4.4
Armour         | 4 |  4.2
Shields        | 4 5 |  5.0

Action                   |  1- 3 |  4- 6 || total
-------------------------+-------+-------++-------
Melee: Long sword        |   102 |   203 ||   305
  Use: Potion            |     1 |     3 ||     4
       Scroll            |     1 |     2 ||     3
  Eat: Chunk             |     1 |     7 ||     8
Armor: Scale mail        |    36 |       ||    36
       Chain mail        |    12 |   111 ||   123
Dodge: Dodged            |    32 |    83 ||   115
Block: Shield            |    75 |   190 ||   265
       Rpst.: Long sword |     8 |    18 ||    26
